 Dungeon Crawl Stone Soup version 0.14-a0-1817-gb992dfe (webtiles) character file.

10991 4tharraofdagon the Cleaver (level 11, -17/130 HPs)
             Began as a Demonspawn Berserker on Jan 9, 2014.
             Was a High Priest of Trog.
             Demolished by a stone giant (24 damage)
             ... on Level 4 of the Orcish Mines.
             The game lasted 00:37:00 (5916 turns).

4tharraofdagon the Cleaver (Demonspawn Berserker)   Turns: 5916, Time: 00:37:00

HP -17/130       AC 16     Str 26      XL: 11   Next: 27%
MP   0/22        EV 10     Int  8      God: Trog [*****.]
Gold 1247        SH  0     Dex 13      Spells:  0 memorised, 10 levels left

rFire  . . .     SeeInvis .     Q - +0 orc war axe
rCold  + . .     Clarity  .     V - +0 orc plate armour
rNeg   . . .     Conserve .     (no shield)
rPois  .         rCorr    .     (helmet restricted)
rElec  .         rRot     .     (no cloak)
SustAb . .       Spirit   +     (no gloves)
rMut   .         Warding  .     (no boots)
Saprov . . .     Stasis   .     e - amulet of rage
                                M - +5,+5 ring of slaying
                                c - +5 ring of evasion

@: regenerating, berserking, very quick, very resistant to hostile enchantments,
extremely unstealthy
A: antennae 2, molten scales 2, cold resistance 1, magic shield
a: Burn Spellbooks, Berserk, Trog's Hand, Brothers in Arms, Renounce Religion,
Evoke Berserk Rage


You were on level 4 of the Orcish Mines.
You worshipped Trog.
Trog was extremely pleased with you.
You were hungry.

You visited 2 branches of the dungeon, and saw 15 of its levels.
You also visited: Sewer and Ossuary.

You collected 1247 gold pieces.

Inventory:

Hand weapons
 f - a +0,+0 orcish battleaxe
 Q - a +0,+0 orcish war axe (weapon)
 Z - a +0,+2 orcish war axe
Missiles
 i - 2 needles of slowing
Armour
 p - a +0 orcish plate armour
 V - a +0 orcish plate armour (worn)
Magical devices
 n - a wand of confusion (10)
 J - a wand of disintegration (13)
 L - a wand of lightning (3)
Comestibles
 a - 3 chunks of orc flesh
 k - 3 meat rations
 S - 2 bread rations
 U - 4 slices of pizza
Scrolls
 d - 7 scrolls of curse armour {unknown}
 g - 2 scrolls of remove curse
 j - 4 scrolls of immolation
 l - 2 scrolls of teleportation {unknown}
 o - a scroll of magic mapping {unknown}
 r - 4 scrolls of curse weapon {unknown}
 s - 2 scrolls of recharging {unknown}
 y - 3 scrolls of fog {unknown}
 F - 2 scrolls of amnesia {unknown}
 N - a scroll of random uselessness
 P - a scroll of noise
 R - a scroll of enchant weapon II
Jewellery
 c - a +5 ring of evasion (left hand)
 e - an amulet of rage (around neck)
 E - an uncursed ring of magical power
 M - a +5,+5 ring of slaying (right hand)
 W - an uncursed ring of magical power
Potions
 b - 3 potions of speed
 h - 5 potions of might
 m - 8 potions of curing
 q - a potion of confusion
 t - 2 potions of paralysis
 u - a potion of restore abilities
 w - 6 potions of brilliance
 B - 7 potions of heal wounds
 C - a potion of resistance
 D - 2 potions of agility
 G - a potion of flight
 K - a potion of invisibility
 O - a potion of berserk rage
Books
 Y - a book of Debilitation

   Spells                             Type                      Level
   Corona                             Hexes                        1
   Slow                               Hexes                        2
   Inner Flame                        Hexes/Fire                   3
   Enslavement                        Hexes                        4
   Cause Fear                         Hexes                        4
   Leda's Liquefaction                Hexes/Earth                  4
   Trog disapproves of the use of such an item.
Magical staves
 T - an uncursed staff of conjuration {unknown}


   Skills:
 + Level 8.7 Fighting
 * Level 10.9 Axes
 + Level 7.7 Armour
 - Level 1.7 Dodging
 + Level 7.7 Evocations


You had 10 spell levels left.
You didn't know any spells.

Dungeon Overview and Level Annotations

Branches:
Dungeon (11/16)            Temple (0/1) D:5             Orc (4/4) D:10
    Elf (0/3) Orc:4
   Lair: D:8-11

Altars:
Elyvilon
Fedhas
Kikubaaqudgha
Nemelex Xobeh
Okawaru


Innate Abilities, Weirdness & Mutations

You have a pair of antennae on your head.
You are mostly covered in molten scales (AC +3, EV -1).
Your flesh is cold resistant.
When hurt, damage is shared between your health and your magic reserves.


Message History

Unknown command.
You hit the stone giant.
The stone giant is severely wounded.
The stone giant hits you!
You hit the stone giant.
The stone giant is almost dead.
The stone giant hits you!
* * * LOW HITPOINT WARNING * * *
You hit the stone giant.
The stone giant is almost dead.
Unknown command.
You hit the stone giant but do no damage.
The stone giant is almost dead.
The stone giant hits you!
* * * LOW HITPOINT WARNING * * *
Unknown command.
You hit the stone giant.
The stone giant is almost dead.
The stone giant hits you!
You die...

## ##.# #.(.###
#..(.## ##..))#
#...)##{ ##...@#
##.#.C## ..
#.....#....
##...#....o.# ##
#...........
##.###...........
#..............o.
##.................
#.....................


You could see a stone giant.

Vanquished Creatures
  Erolcha (Orc:1)
  A hill giant (D:11)
  Joseph (D:8)
  An orc knight (Orc:4)
  A cyclops (D:11)
  A two-headed ogre (D:11)
  A wraith (D:8)
  A wyvern (D:7)
  A hippogriff (D:9)
  2 hungry ghosts
  4 yaks (D:10)
  A hill giant skeleton (D:9)
  Edmund (D:5)
  A necrophage (D:7)
  13 orc warriors
  A sky beast (D:9)
  2 ogres
  3 centaurs
  A boring beetle (D:11)
  3 giant frogs
  A warg (Orc:4)
  Blork the orc (D:5)
  An eye of draining (D:8)
  A wight (D:8)
  4 killer bees (D:10)
  11 crimson imps
  A goliath beetle (D:7)
  3 centaur zombies (Ossuary)
  8 human zombies
  22 orc priests
  2 hounds
  4 jellies
  A scorpion (D:6)
  A water moccasin skeleton (D:8)
  4 iguanas
  13 orc wizards
  3 worker ants
  Ijyb (D:7)
  A big kobold zombie (D:9)
  2 ogre skeletons
  6 mummies
  7 adders
  7 green rats
  3 giant mites
  3 worms
  An adder skeleton (D:7)
  2 giant geckos
  An ooze (Sewer)
  106 orcs
  A bat zombie (D:6)
  21 grey rats
  15 hobgoblins
  3 quokkas (D:6)
  6 ball pythons
  9 bats
  5 giant cockroaches
  A giant newt (D:6)
  2 giant spores
  12 goblins
  A goblin zombie (D:4)
  A hobgoblin skeleton (D:6)
  A hobgoblin zombie (D:4)
  5 jackals
  21 kobolds
  3 kobold zombies (Ossuary)
  2 orc skeletons
  2 orc zombies
  27 rats
  A rat skeleton (D:6)
  14 ballistomycetes
415 creatures vanquished.

Vanquished Creatures (collateral kills)
  The ghost of bronies4ever the Covered, an experienced FoFi of Cheibriados (D:6)
  An orc warrior (Orc:4)
  2 orcs (Orc:4)
  A kobold (D:6)
  A goblin (D:6)
6 creatures vanquished.

Vanquished Creatures (others)
  A troll (Orc:4)
  A black bear (D:6)
  A plant (D:11)
3 creatures vanquished.

Grand Total: 424 creatures vanquished

Notes
Turn   | Place    | Note
--------------------------------------------------------------
     0 | D:1      | 4tharraofdagon, the Demonspawn Berserker, began the quest for the Orb.
     0 | D:1      | Reached XP level 1. HP: 18/18 MP: 1/1
   210 | D:3      | Gained mutation: When hurt, damage is shared between your health and your magic reserves. [demonic ancestry]
   210 | D:3      | Reached XP level 2. HP: 24/24 MP: 2/2
   242 | D:3      | Noticed an orc priest
   256 | D:3      | Killed an orc priest
   256 | D:3      | Gained mutation: You have a pair of small antennae on your head. [demonic ancestry]
   256 | D:3      | Reached XP level 3. HP: 21/29 MP: 0/3
   392 | D:3      | Acquired Trog's second power
   396 | D:3      | Reached XP level 4. HP: 31/35 MP: 2/4
   504 | D:4      | Reached skill level 4 in Axes
   689 | D:4      | Found a sand-covered staircase.
   700 | D:4      | Reached XP level 5. HP: 22/42 MP: 3/5
   735 | Ossuary  | Entered an ossuary
   859 | Ossuary  | Gained mutation: You are partially covered in molten scales (AC +1). [demonic ancestry]
   859 | Ossuary  | Reached XP level 6. HP: 38/48 MP: 3/6
  1036 | D:5      | Entered Level 5 of the Dungeon
  1069 | D:5      | Noticed Blork the orc
  1075 | D:5      | Reached skill level 5 in Axes
  1082 | D:5      | Killed Blork the orc
  1127 | D:5      | Found a staircase to the Ecumenical Temple.
  1307 | D:5      | Noticed Edmund
  1322 | D:5      | Killed Edmund
  1322 | D:5      | Reached XP level 7. HP: 55/55 MP: 7/7
  1382 | D:6      | Reached skill level 5 in Fighting
  1573 | D:6      | Found a glowing drain.
  1577 | Sewer    | Entered a sewer
  1684 | Sewer    | Reached skill level 6 in Axes
  1776 | Sewer    | Acquired Trog's third power
  1909 | Sewer    | Reached skill level 1 in Evocations
  2210 | D:6      | Gained mutation: You are mostly covered in molten scales (AC +3, EV -1). [demonic ancestry]
  2210 | D:6      | Reached XP level 8. HP: 47/63 MP: 4/10
  2278 | D:6      | Noticed bronies4ever's ghost (experienced FoFi)
  2306 | D:6      | HP: 3/63 [bronies4ever's ghost (7)]
  2308 | D:6      | Killed bronies4ever's ghost
  2308 | D:6      | Reached skill level 7 in Axes
  2502 | D:7      | Noticed Ijyb
  2511 | D:7      | Reached skill level 5 in Armour
  2512 | D:7      | Killed Ijyb
  2705 | D:8      | Gained mutation: Your flesh is cold resistant. [demonic ancestry]
  2705 | D:8      | Reached XP level 9. HP: 66/69 MP: 12/14
  2834 | D:7      | Reached skill level 8 in Axes
  3038 | D:8      | Found an ancient bone altar of Kikubaaqudgha.
  3144 | D:8      | Noticed Joseph
  3175 | D:8      | Killed Joseph
  3175 | D:8      | Reached skill level 5 in Evocations
  3376 | D:9      | Reached skill level 9 in Axes
  3537 | D:9      | Paralysed by a giant eyeball for 2 turns
  3540 | D:9      | You fall through a shaft for 2 floors!
  3597 | D:11     | Gained mutation: You have a pair of antennae on your head. [demonic ancestry]
  3597 | D:11     | Reached XP level 10. HP: 79/79 MP: 12/18
  3799 | D:11     | Noticed a cyclops
  3801 | D:11     | Noticed a hill giant
  3810 | D:11     | Killed a cyclops
  3812 | D:11     | Killed a hill giant
  3935 | D:11     | Noticed a seven-headed hydra
  3961 | D:10     | Entered Level 10 of the Dungeon
  4142 | D:9      | Found a blossoming altar of Fedhas.
  4148 | D:9      | Found a white marble altar of Elyvilon.
  4155 | D:9      | Found an iron altar of Okawaru.
  4194 | D:9      | Reached skill level 10 in Axes
  4238 | D:9      | Found a sparkling altar of Nemelex Xobeh.
  4368 | D:10     | Received a gift from Trog
  4449 | D:10     | Found a staircase to the Orcish Mines.
  4462 | Orc:1    | Entered Level 1 of the Orcish Mines
  4462 | Orc:1    | Noticed Erolcha
  4478 | Orc:1    | Killed Erolcha
  4726 | Orc:1    | Reached XP level 11. HP: 87/87 MP: 17/21
  5157 | Orc:3    | Received a gift from Trog
  5492 | Orc:4    | Entered Level 4 of the Orcish Mines
  5829 | Orc:4    | Found a staircase to the Elven Halls.
  5890 | Orc:4    | Noticed a stone giant
  5915 | Orc:4    | HP: 6/130 [stone giant (18)]
  5916 | Orc:4    | Demolished by a stone giant

Action                   |  1- 3 |  4- 6 |  7- 9 | 10-12 || total
-------------------------+-------+-------+-------+-------++-------
Melee: Hand axe          |    44 |   199 |   523 |   105 ||   871
       War axe           |       |       |       |   230 ||   230
Invok: Berserk           |     2 |     7 |    10 |    15 ||    34
       Trog's Hand       |       |     4 |     9 |     9 ||    22
       Brothers in Arms  |       |       |     2 |     1 ||     3
Evoke: Wand              |     1 |       |     3 |       ||     4
  Use: Potion            |       |     3 |       |     1 ||     4
       Scroll            |       |     9 |     4 |     3 ||    16
 Stab: Sleeping          |     1 |       |       |       ||     1
